 Dungeon Crawl Stone Soup version 0.31.0-11-ge490571c62 (webtiles) character file.

Game seed: 16173201291788471052

18 qw the Shooter (level 2, -1/14 HPs)
             Began as a Spriggan Hunter on Feb 4, 2024.
             Succumbed to their own poison gas
             ... on level 1 of the Dungeon.
             The game lasted 00:00:00 (541 turns).

qw the Shooter (Spriggan Hunter)                     Turns: 541, Time: 00:00:01

Health: -1/14      AC:  2    Str:  7    XL:     2   Next: 48%
Magic:  3/3        EV: 19    Int: 10    God:
Gold:   28         SH:  0    Dex: 18    Spells: 1/1 levels left

rFire   . . .        a - +0 shortbow
rCold   . . .        (shield currently unavailable)
rNeg    . . .        c - +0 robe
rPois   .            (helmet restricted)
rElec   .            (no cloak)
rCorr   .            (gloves unavailable)
SInv    +            (boots unavailable)
Will    .....        (no amulet)
Stlth   ++           (no ring)
HPRegen 0.22/turn    (no ring)
MPRegen 0.08/turn

%: no passive effects
@: lethally poisoned (-1 -> -8), very quick
A: very small, no large weapons, unfitting armour, see invisible, speed 3
a: no special abilities


You were on level 1 of the Dungeon.
You visited 1 branch of the dungeon, and saw 1 of its levels.

You collected 28 gold pieces.


Innate Abilities, Weirdness & Mutations

You are very small and have problems with some larger weapons.
You are too small for most types of armour.
You have supernaturally acute eyesight. (SInv)
You cover ground extremely quickly. (Speed+++)


   Skills:
 - Level 1.5 Fighting
 + Level 4.1 Ranged Weapons
 - Level 4.0 Dodging
 - Level 1.5 Stealth


You had one spell level left.
You didn't know any spells.
Your spell library was empty.

Inventory:

Hand Weapons
 a - a +0 shortbow (weapon)
Armour
 c - a +0 robe (worn)

Dungeon Overview and Level Annotations

Branches:
Dungeon (1/15)

Altars:


Message History

531 ||| IDENTIFYING orange potion;
g - a potion of berserk rage Done exploring.
532 ||| READING scroll of identify.
532 ||| IDENTIFYING scroll labelled PIPIOV ATIOTI
As you read the scroll of identify, it crumbles to dust.
e - a scroll of revelation Done exploring.
533 ||| READING scroll labelled GAMOZO ODYICIM.
The air fills with toxic fumes!
As you read the scroll labelled GAMOZO ODYICIM, it crumbles to dust.
It was a scroll of poison.
Done exploring.
534 ||| DROPPING scroll of butterflies.
You drop a scroll of butterflies.
Done exploring.
535 ||| DROPPING scroll of revelation.
You drop a scroll of revelation.
Done exploring.
536 ||| DROPPING potion of berserk rage.
You drop a potion of berserk rage.
Done exploring.
What level of the Dungeon? (default 1, ? - help) Sorry, I don't know how to get there.
Enter note:
Enter note:
Enter note:
Enter note:
Enter note:
Enter note: You are engulfed in poison gas.
You are lethally poisoned!
You feel very sick.
538 ||| Stepping ~*~*~tactically~*~*~ (cloud).
You feel sick.
Things that are here:
a potion of berserk rage; a scroll of revelation; a scroll of butterflies
There is a lethal amount of poison in your body!
You feel very sick.
There is a lethal amount of poison in your body!
You feel sick.
There is a lethal amount of poison in your body!
You die...

.####.#####'## #.#.#
#..#.#...# ......#
#....# #¤#.# #..#.#...#
####### #....# #¤#.#
#..#.#...# #....# #0#.#
#..#.##### #....# #¤#.#
#..#.# #....# #0#.#
#..#.# #....#
#0#.###..#.# ###'##
#¤#......#.#
#.####@#.####.#.#
#....0¤#......#.#####
#############.#.....###
#...#.##..#8.
##.#.#.###....
###..#.#.# #....
#......#.# #...8
#.##.###.# #.... ##
##### #.##.# #.###....


There were no monsters in sight!

Vanquished Creatures
  A giant cockroach (D:1)
  2 goblins (D:1)
  3 jackals (D:1)
  2 ball pythons (D:1)
  4 bats (D:1)
  2 frilled lizards (D:1)
  3 rats (D:1)
17 creatures vanquished.

Notes
Turn   | Place    | Note
-------+----------+-------------------------------------------
     0 | D:1      | qw the Spriggan Hunter began the quest for the Orb.
     0 | D:1      | Reached XP level 1. HP: 10/10 MP: 2/2
     0 | D:1      | 0 ||| qw: Version: 0.3-a-160-g6735b56
     0 | D:1      | 0 ||| qw: Game counter: 6078
     0 | D:1      | 0 ||| qw: Melee chars always use a shield: true
     0 | D:1      | 0 ||| qw: God list: Okawaru
     0 | D:1      | 0 ||| qw: Allow faded altars: false
     0 | D:1      | 0 ||| qw: Do Orc after clearing Dungeon:15 true
     0 | D:1      | 0 ||| qw: Do second Lair branch before Depths: true
     0 | D:1      | 0 ||| qw: Lair rune preference: random
     0 | D:1      | 0 ||| qw: Goals: Normal
     0 | D:1      | 0 ||| PLANNING D:1-11
    17 | D:1      | Reached skill level 3 in Dodging
    67 | D:1      | Reached XP level 2. HP: 14/14 MP: 3/3
   531 | D:1      | 531 ||| READING 2 scrolls labelled TEITRAPSOSCH.
   531 | D:1      | 531 ||| IDENTIFYING orange potion
   532 | D:1      | 532 ||| READING scroll of identify.
   532 | D:1      | 532 ||| IDENTIFYING scroll labelled PIPIOV ATIOTI
   533 | D:1      | 533 ||| READING scroll labelled GAMOZO ODYICIM.
   534 | D:1      | 534 ||| DROPPING scroll of butterflies.
   535 | D:1      | 535 ||| DROPPING scroll of revelation.
   536 | D:1      | 536 ||| DROPPING potion of berserk rage.
   538 | D:1      | 538 ||| Stepping ~*~*~tactically~*~*~ (cloud).
   539 | D:1      | HP: 3/14 [poisoned by you (poison gas)]
   540 | D:1      | HP: 1/14 [poisoned by you (poison gas)]
   541 | D:1      | Succumbed to their own poison gas

Levels and vault maps discovered:
D:1:      mrwooster_arrival_statue_2, layout_basic

Skill      XL: |  1  2 |
---------------+-------+-----
Dodging        | 3 4 |  4.0
Fighting       | |  1.5
Ranged Weapons | |  4.1
Stealth        | |  1.5

Action                     || total
---------------------------++-------
   Fire: Shortbow          ||    38
    Use: Scroll            ||     3
 Armour: Robe              ||     2
  Dodge: Dodged            ||    23

Table legend:
 A = Non-vault XP
 B = Vault XP
 C = Vault XP percentage of total XP
 D = Non-vault monster count
 E = Vault monster count
 F = Vault count percentage of total count
                 A         B        C        D         E       F
            +---------+---------+-------+---------+---------+-------
      Total |      26 |       0 |   0.0 |      17 |       0 |   0.0
            +---------+---------+-------+---------+---------+-------
        D:1 |      26 |       0 |   0.0 |      17 |       0 |   0.0
            +---------+---------+-------+---------+---------+-------
